 Dungeon Crawl Stone Soup version 0.30-a0-862-g1aabd4f9c5 (webtiles) character file.

Game seed: 369383437530937388

7651 holysushi the Nimble (level 11, -2/71 HPs)
             Began as an Octopode Monk on Mar 9, 2023.
             Was an Initiate of Gozag.
             Slain by a black mamba (9 damage)
             ... on level 2 of the Lair of Beasts.
             The game lasted 00:12:45 (10037 turns).

holysushi the Nimble (Octopode Monk)               Turns: 10037, Time: 00:12:46

Health: -2/71      AC:  1    Str: 10    XL:     11   Next: 18%
Magic:  11/11      EV: 24    Int: 13    God:    Gozag
Gold:   407        SH:  0    Dex: 25    Spells: 10/10 levels left

rFire   . . .      SeeInvis .    b - +4 dagger (drain)
rCold   . . .      Faith    .    (no shield)
rNeg    . . .      Spirit   .    (helmet restricted)
rPois   .          Reflect  .    (no amulet)
rElec   .          Rampage  .    m - ring of willpower
rCorr   .                        F - +6 ring of dexterity
Will    +....                    (no ring)
Stlth   ++++++                   (no ring)
HPRegen 0.31/turn                (no ring)
MPRegen 0.12/turn                (no ring)
                                 (no ring)
                                 (no ring)

@: lethally poisoned (-2 -> -9)
A: almost no armour, amphibious, 8 rings, camouflage 1, gelatinous body 1,
(nimble swimmer 1), tentacles
a: Renounce Religion, Potion Petition, Call Merchant, Bribe Branch


You were on level 2 of the Lair of Beasts.
You worshipped Gozag.
Gozag was aware of your devotion.
You visited 3 branches of the dungeon, and saw 11 of its levels.
You also visited: Sewer.

You collected 1320 gold pieces.
You spent 184 gold pieces at shops.
You paid 729 gold pieces to Gozag.

Inventory:

Hand Weapons
 a - a +0 dagger of electrocution
 b - a +4 dagger of draining (weapon)
 f - a +1 short sword of venom
 j - a +0 short sword
 o - a +1 short sword of draining
 A - a +2 short sword of holy wrath
Missiles
 I - a throwing net (quivered)
Jewellery
 c - an amulet of faith
 m - a ring of willpower (left tentacle)
 F - a +6 ring of dexterity (right tentacle)
 H - a ring of see invisible
Wands
 q - a wand of polymorph (12)
 u - a wand of flame (7)
 w - a wand of charming (13)
 x - a wand of acid (9)
 E - a wand of mindburst (9)
 N - a wand of roots (7)
Scrolls
 d - 3 scrolls of poison
 g - 4 scrolls of amnesia
 i - 5 scrolls of fear
 p - 6 scrolls of teleportation
 y - a scroll of magic mapping
 D - 3 scrolls of blinking
 J - a scroll of enchant armour
 K - a scroll of brand weapon
 L - a scroll of identify
 M - 2 scrolls of fog
Potions
 e - 4 potions of lignification
 h - 5 potions of attraction
 k - 5 potions of curing
 l - 3 potions of flight
 n - 2 potions of brilliance
 r - 2 potions of ambrosia
 s - 2 potions of mutation
 t - a potion of magic
 v - a potion of berserk rage
 z - 2 potions of resistance
 B - 2 potions of cancellation {unknown}
 C - 2 potions of haste {unknown}
 G - 4 potions of heal wounds {unknown}


   Skills:
 - Level 5.0 Fighting
 - Level 10.0 Short Blades
 + Level 12.2 Dodging
 + Level 8.7 Stealth
 - Level 3.0 Evocations


You had 10 spell levels left.
You didn't know any spells.
Your spell library contained the following spells:

 Spells                   Type           Power      Damage    Failure   Level
 Apportation              Tloc           0%         N/A       30%         1
 Foxfire                  Conj/Fire      0%         2x1d4     30%         1
 Necrotise                Necr           0%         1d4       30%         1
 Sandblast                Erth           0%         2d4       30%         1
 Slow                     Hex            0%         N/A       30%         1
 Summon Small Mammal      Summ           0%         N/A       30%         1
 Blink                    Tloc           0%         N/A       43%         2
 Lesser Beckoning         Tloc           0%         N/A       43%         2
 Momentum Strike          Conj/Tloc      0%         3d8       43%         2
 Passwall                 Tmut/Erth      0%         N/A       43%         2
 Call Canine Familiar     Summ           0%         N/A       67%         3
 Confusing Touch          Hex            0%         N/A       67%         3
 Ozocubu's Armour         Ice            0%         N/A       67%         3
 Stone Arrow              Conj/Erth      0%         3d7       67%         3
 Summon Guardian Golem    Hex/Summ       0%         N/A       67%         3
 Vampiric Draining        Necr           0%         2d6       67%         3
 Fireball                 Conj/Fire      0%         3d3       100%        5
 Metabolic Englaciation   Hex/Ice        0%         N/A       100%        5
 Starburst                Conj/Fire      0%         6d3       100%        6
 Orb of Destruction       Conj           0%         9d5       100%        7
 Spellforged Servitor     Conj/Summ      0%         N/A       100%        7
 Simulacrum               Ice/Necr       Unusable   N/A       N/A         6

Dungeon Overview and Level Annotations

Branches:
Dungeon (8/15) Zot: 25275  Temple (1/1) D:6 Zot: 5800    Lair (2/5) D:8 Zot: 10472
  Snake (0/4) Lair:2        Sewer (visited)
  Swamp: Lair:2-3    Shoals: Lair:2-3

Altars:
Ashenzari
Cheibriados
Dithmenos
Elyvilon
Gozag
Kikubaaqudgha
Makhleb
Okawaru
Qazlal
Ru
Trog
Uskayaw
Vehumet
Wu Jian
Yredelemnul
Zin

Shops:
D:2 *   D:6 *   D:8 [   Lair:1 ?

Annotations:
D:7 1 runed translucent door, Crazy Yiuf


Innate Abilities, Weirdness & Mutations

You cannot wear most types of armour.
You are amphibious.
You can wear up to eight rings at the same time.
Your skin changes colour to match your surroundings (Stealth+).
Your rubbery body absorbs attacks. (AC +1, EV +1)
((You are camouflaged when in or above water. (Stealth+)))
You have tentacles for arms and can constrict up to eight enemies at once.


Message History

The black mamba hisses angrily.
Your grab misses the black mamba. You squeeze the black mamba!
The black mamba is moderately wounded.
The black mamba bites you!
The black mamba attacks as you move away!
The black mamba misses you.
The black mamba attacks as you move away!
The black mamba barely misses you.
The black mamba is distracted by your dazzling golden aura.
The black mamba completely misses you.
The black mamba is no longer distracted by gold.
The black mamba misses you. The black mamba barely misses you.
The black mamba attacks as you move away!
The black mamba closely misses you.
The black mamba attacks as you move away!
The black mamba closely misses you. The black mamba completely misses you.
The black mamba bites you! The black mamba misses you.
The black mamba bites you.
You are poisoned.
The black mamba poisons you!
The black mamba attacks as you move away!
The black mamba completely misses you.
You feel very sick.
You feel very sick. The black mamba closely misses you.
The black mamba bites you!
The black mamba attacks as you move away!
The black mamba bites you!
* * * LOW HITPOINT WARNING * * *
The black mamba attacks as you move away!
The black mamba misses you.
* * * LOW HITPOINT WARNING * * *
You feel very sick.
The black mamba bites the plant!
The plant begins to die.
The black mamba attacks as you move away!
The black mamba barely misses you.
* * * LOW HITPOINT WARNING * * *
You feel very sick.
The black mamba bites the plant!
The black mamba bites you!
You die...
Your body crumbles into a pile of gold.

........###..######.....##
.#...####.#..## #......#
...## ###....# ####...# ...
#.....## #P...# ##...P..#
#P...# ###...##### #....# #
#....## #...P# ##. ##..#.#
### ###...## #...
###.#####@# #P..P.#
##P..##.#....PS######..#.##
.......#...SSS....##..##.P#
#P...>.P...#.............P#
#.......######........#.##
##.....## #.......##..#
#..#.... #.......P..## #.
##...# #..........# . #.#..
##...<......###


You could see 3 black mambas and a water moccasin.

Vanquished Creatures
  A black mamba (Lair:1)
  An elephant (D:8)
  A cane toad (Lair:1)
  3 komodo dragons (Lair:1)
  Prince Ribbit (D:7)
  Grinder (D:4)
  11 yaks
  3 wyverns
  2 basilisks
  An acid dragon (D:8)
  7 water moccasins
  6 black bears
  An ice beast (D:7)
  An orc warrior (D:8)
  A centaur (D:6)
  4 bullfrogs
  2 scorpions (D:4)
  6 wights (D:8)
  A howler monkey (D:7)
  A gnoll bouda (D:7)
  3 hounds
  A jelly (D:5)
  4 orc priests
  Ijyb (D:4)
  A sleepcap (D:7)
  7 iguanas
  An orc wizard (D:7)
  Robin (D:4)
  8 gnolls
  11 adders
  6 river rats (Sewer)
  A shadow imp (D:8)
  A white imp (D:7)
  2 ufetubi (D:5)
  3 worms
  5 dart slugs
  30 orcs
  2 endoplasms (D:1)
  4 giant cockroaches
  8 hobgoblins
  6 jackals
  2 quokkas
  3 bats
  9 frilled lizards
  17 goblins
  7 kobolds
  15 rats
214 creatures vanquished.

Vanquished Creatures (others)
  2 fungi
  A plant (Lair:2)
3 creatures vanquished.

Grand Total: 217 creatures vanquished

Notes
Turn   | Place    | Note
-------+----------+-------------------------------------------
     0 | D:1      | holysushi the Octopode Monk began the quest for the Orb.
     0 | D:1      | Reached XP level 1. HP: 16/16 MP: 1/1
    55 | D:1      | Found a faded altar of an unknown god.
    99 | D:1      | Reached XP level 2. HP: 21/21 MP: 2/2
   486 | D:2      | Reached XP level 3. HP: 25/26 MP: 3/3
   705 | D:2      | Reached XP level 4. HP: 31/31 MP: 4/4
   989 | D:2      | Found Kezoadd's Assorted Antiques.
   997 | D:2      | Bought a scroll labelled ORCHAT UTOXKED for 23 gold pieces
   997 | D:2      | Bought a scroll labelled MIGRUU AMIORIL for 23 gold pieces
  1771 | D:3      | Reached skill level 5 in Short Blades
  2352 | D:4      | Noticed Grinder
  2353 | D:4      | Noticed a scorpion
  2355 | D:4      | Reached XP level 5. HP: 36/36 MP: 5/5
  2356 | D:4      | Noticed a black bear
  2457 | D:4      | Noticed a black bear
  2459 | D:4      | Killed a black bear
  2460 | D:4      | Reached skill level 4 in Dodging
  2460 | D:4      | Reached XP level 6. HP: 42/42 MP: 6/6
  2626 | D:4      | Found a glowing drain.
  2629 | D:4      | Noticed Robin
  2673 | D:4      | Killed Robin
  2790 | Sewer    | Entered a sewer
  3179 | D:4      | Reached XP level 7. HP: 46/46 MP: 7/7
  3227 | D:4      | Killed Grinder
  3240 | D:5      | Entered Level 5 of the Dungeon
  3242 | D:5      | Reached skill level 5 in Dodging
  3397 | D:4      | Noticed Ijyb
  3413 | D:4      | Killed Ijyb
  3783 | D:5      | Reached XP level 8. HP: 54/54 MP: 8/8
  4091 | D:5      | Identified the +6 flail "Yrimn" {flame, rF+}
  4748 | D:6      | Found a staircase to the Ecumenical Temple.
  4765 | Temple   | Entered the Ecumenical Temple
  4956 | Temple   | Became a worshipper of Gozag Ym Sagoz the Greedy
  5038 | D:6      | Found a shadowy altar of Dithmenos.
  5239 | D:6      | Reached skill level 10 in Short Blades
  5368 | D:6      | Found Zin's Purification Station.
  5373 | D:6      | Found a glowing silver altar of Zin.
  5803 | D:7      | Reached XP level 9. HP: 59/59 MP: 9/9
  5977 | D:7      | Noticed Prince Ribbit
  5982 | D:7      | Killed Prince Ribbit
  5983 | D:7      | Reached skill level 5 in Fighting
  5983 | D:7      | Reached skill level 6 in Dodging
  6011 | D:7      | Found a stormy altar of Qazlal.
  6198 | D:7      | Reached skill level 7 in Dodging
  6314 | D:7      | Found a runed translucent door.
  6315 | D:7      | Noticed Crazy Yiuf
  6658 | D:8      | Found a basalt altar of Yredelemnul.
  6704 | D:8      | Found Zuhop's Antique Armour Emporium.
  7129 | D:8      | Noticed an elephant
  7131 | D:8      | Found a staircase to the Lair.
  7146 | D:7      | Reached skill level 8 in Dodging
  7498 | D:7      | Reached skill level 1 in Evocations
  7747 | D:8      | Reached skill level 5 in Stealth
  8251 | D:8      | Killed an elephant
  8252 | D:8      | Reached skill level 9 in Dodging
  8252 | D:8      | Reached XP level 10. HP: 65/66 MP: 10/10
  8431 | Lair:1   | Entered Level 1 of the Lair of Beasts
  8434 | Lair:1   | Bought a scroll of brand weapon for 114 gold pieces
  8434 | Lair:1   | Bought a scroll of identify for 24 gold pieces
  8570 | Lair:1   | Found a burning altar of Makhleb.
  8687 | Lair:1   | Reached skill level 10 in Dodging
  9216 | Lair:1   | Noticed a black mamba
  9221 | Lair:1   | Killed a black mamba
  9222 | Lair:1   | Reached skill level 11 in Dodging
  9248 | Lair:1   | Noticed a cane toad
  9255 | Lair:1   | Killed a cane toad
  9564 | Lair:1   | Identified the +0 arbalest of Celesuoh {freeze, *Slow rCorr
                  | Dex+3}
  9722 | Lair:2   | Reached XP level 11. HP: 71/71 MP: 11/11
  9761 | Lair:2   | Reached skill level 12 in Dodging
 10017 | Lair:2   | Found a staircase to the Snake Pit.
 10037 | Lair:2   | Slain by a black mamba

Illustrated notes

Levels and vault maps discovered:
D:1:      dpeg_arrival_simpleton_c, layout_rooms,
          hellmonk_ecumenical_altar_heavens_door
D:2:      layout_loops_ring, serial_shops, shop, serial_rivers,
          chequers_serial_rivers_small_b, chequers_serial_rivers_micro_e,
          chequers_serial_rivers_micro_d, chequers_serial_rivers_micro_b
D:3:      layout_loops_corners
D:4:      layout_basic, cheibrodos_sewer_entry_bend, uniq_grinder, uniq_ijyb,
          uniq_robin
D:5:      layout_loops_ring, roderic_lattice_a
D:6:      layout_loops_cross, zin_purify, grunt_dithmenos_smoke_and_mirrors,
          minmay_temple_entry_mini_moons, minmay_statues_item,
          chequers_serial_rivers_marsh, minmay_misc_feat_nine_boxes,
          nicolae_figureground_pulse
D:7:      layout_loops_ring, overflow_temple_1_default, uniq_prince_ribbit1,
          uniq_crazy_yiuf_cottage
D:8:      layout_cave_pods, lemuel_crystal_altar, david_lair_generic,
          serial_shops, shop
Temple:   hellmonk_temple_forest_ring
Lair:1:   layout_cave_pods, basic_altar, bh_autumn_forest_stairs,
          serial_bayou_crossing
Lair:2:   beast_lair_carwin_large_2, layout_cave_pods,
          minmay_snake_entry_six_corridors, ebering_ghost_funeral_grove

Skill      XL: |  1  2  3  4  5  6  7  8  9 10 11 |
---------------+----------------------------------+-----
Short Blades   | 4 5 6 8 10 | 10.0
Dodging        | 4 5 9 11 12 | 12.2
Fighting       | 4 5 |  5.0
Stealth        | 6 7 8 |  8.7
Evocations     | 2 3 |  3.0

Action                     |  1- 3 |  4- 6 |  7- 9 | 10-12 || total
---------------------------+-------+-------+-------+-------++-------
  Melee: Short sword       |    35 |    18 |       |       ||    53
         Constrict         |     7 |    24 |    57 |     7 ||    95
         Tentacles         |     5 |    28 |    87 |    53 ||   173
         Dagger            |       |   102 |   262 |   160 ||   524
         Punch             |       |     4 |     8 |     4 ||    16
 Invoke: Call Merchant     |       |       |       |     1 ||     1
  Evoke: Wand              |       |       |     1 |       ||     1
    Use: Scroll            |     4 |    12 |     1 |     6 ||    23
         Potion            |       |     1 |       |     1 ||     2
   Stab: Sleeping          |     6 |    25 |    15 |     5 ||    51
         Distracted        |       |       |     4 |       ||     4
 Armour: Skin              |     2 |     6 |     8 |     1 ||    17
  Dodge: Dodged            |    12 |    46 |   150 |    67 ||   275

Table legend: (Time is in decaauts)
 A = Elapsed time spent in this place.
 B = Non-inter-level travel time spent in this place.
 C = Inter-level travel time spent in this place.
 D = Time resting spent in this place.
 E = Time spent auto-exploring this place.
 F = Levels seen in this place.
 G = Mean time per level.
                   A        B        C        D        E       F      G
               +--------+--------+--------+--------+--------+-----+--------+
         Total |   9791 |   9427 |    364 |   1590 |   6028 |  12 |  815.9 |
       Dungeon |   7729 |   7452 |    277 |   1278 |   4762 |   8 |  966.1 |
        Temple |    199 |    168 |     31 |      0 |    158 |   1 |  199.0 |
          Lair |   1526 |   1471 |     55 |    312 |    896 |   2 |  763.0 |
         Sewer |    335 |    335 |      0 |      0 |    212 |   1 |  335.0 |
               +--------+--------+--------+--------+--------+-----+--------+

Top non-repeatable levels by time:
     D:7: 1514 daAuts
  Lair:1: 1239 daAuts
     D:8: 1139 daAuts
     D:5: 1084 daAuts
     D:3: 1014 daAuts
     D:2: 902 daAuts
     D:4: 815 daAuts
     D:6: 789 daAuts
     D:1: 468 daAuts
   Sewer: 335 daAuts
  Lair:2: 287 daAuts
  Temple: 199 daAuts
